AoeStats
← christar123 ten

Arena

510186248Analyzed
4v4 RM · 1d ago on Sep 29, 2026· 39m 39s· 8 players
Game mode
Random Map
Map size
Large (8 player)
Population
200
Speed
Normal
Resources
Standard
Victory
Conquest
Starting age
Dark Age
Ending age
Imperial Age
RankedLock teamsTeams togetherTeam positionsShared explorationLock speedFull tech treeHidden civsTurbo modeCheats
Victory
Defeat
🇵🇹 Vietnamese · Portugal
1430
+15
🇬🇧 Khmer · United Kingdom
1424
+15
🇹🇼 Britons · Taiwan
1366
+18
🇺🇸 Lithuanians · United States
1323
+19
🇮🇳 Bengalis · India
1647
-25
🇨🇦 Britons · Canada
1539
-22
🇺🇸 Varangians · United States
1350
-15
🇲🇦 Khmer · Morocco
1070
-5
Octosaurus
11:08 Feudal Age
15:01 Castle Age
13:17 Double-Bit Axe
13:25 Horse Collar
16:10 Bow Saw
21:50 Wheelbarrow
26:55 Imperial Age
24:36 Stone Mining
24:37 Gold Mining
24:49 Heavy Plow
26:23 Stone Shaft Mining
26:07 Hand Cart
25:38 Town Watch
26:21 Scale Barding Armor
27:14 Bloodlines
27:05 Husbandry
27:27 Chain Barding Armor
27:02 Cavalier
27:57 Forging
28:28 Crop Rotation
29:05 Loom
30:22 Two-Man Saw
29:17 Paladin
32:07 Plate Barding Armor
32:08 Iron Casting
31:47 Masonry
33:20 Conscription
34:18 Caravan
34:30 Guilds
35:36 Fletching
37:12 Bodkin Arrow
37:50 Architecture
37:42 Ballistics
37:03 Treadmill Crane
37:34 Light Cavalry
38:17 Bracer
38:54 Hoardings
38:19 Murder Holes
yenyang
11:42 Feudal Age
12:36 Double-Bit Axe
12:43 Loom
15:16 Castle Age
13:12 Horse Collar
13:43 Town Watch
16:09 Heavy Plow
16:21 Bow Saw
23:08 Wheelbarrow
27:40 Imperial Age
25:14 Gold Mining
26:05 Ballistics
26:43 Yeomen
26:17 Fletching
26:57 Padded Archer Armor
26:21 Elite Skirmisher
27:11 Bodkin Arrow
28:09 Leather Archer Armor
28:24 Bracer
29:27 Chemistry
27:50 Imperial Skirmisher
30:11 Two-Man Saw
29:43 Ring Archer Armor
29:35 Conscription
30:57 Scale Mail Armor
31:08 Forging
31:00 Squires
30:20 Pikeman
31:03 Elite Longbowman
33:30 Warwolf
34:41 Iron Casting
34:17 Siege Engineers
34:02 Town Watch
35:18 Guilds
36:06 Hand Cart
35:57 Halberdier
36:23 Gambesons
36:54 Chain Mail Armor
37:40 Blast Furnace
38:07 Plate Mail Armor
39:02 Sanctity
38:58 Block Printing
38:45 Man-at-Arms
Fu
11:05 Feudal Age
14:50 Castle Age
12:39 Double-Bit Axe
13:10 Horse Collar
15:51 Bow Saw
21:28 Wheelbarrow
22:10 Heavy Plow
23:41 Hand Cart
24:42 Stone Mining
24:44 Gold Mining
28:50 Imperial Age
27:18 Ballistics
26:50 Fletching
27:01 Padded Archer Armor
27:35 Bodkin Arrow
27:05 Pikeman
27:48 Squires
27:33 Arson
27:55 Loom
28:45 Leather Archer Armor
28:57 Elite Rattan Archer
30:18 Ring Archer Armor
30:45 Paper Money
31:24 Bracer
32:28 Chemistry
32:04 Masonry
31:24 Capped Ram
34:45 Thumb Ring
38:31 Hoardings
christar123 ten
10:24 Feudal Age
10:47 Feudal Age
13:37 Castle Age
11:23 Double-Bit Axe
11:19 Horse Collar
14:35 Bow Saw
14:47 Heavy Plow
16:13 Loom
18:53 Wheelbarrow
21:06 Hand Cart
21:09 Gold Mining
23:16 Gold Shaft Mining
22:34 Stone Mining
24:01 Gold Shaft Mining
24:01 Scale Barding Armor
24:52 Forging
25:02 Husbandry
27:34 Imperial Age
25:34 Bloodlines
26:30 Chain Barding Armor
26:55 Stone Shaft Mining
26:53 Town Watch
28:05 Iron Casting
28:54 Plate Barding Armor
27:50 Elite Battle Elephant
29:55 Tusk Swords
32:19 Blast Furnace
34:04 Fletching
34:36 Ballistics
35:16 Chemistry
34:29 Masonry
34:43 Heavy Scorpion
36:19 Conscription
38:02 Caravan
39:27 Siege Engineers
Neebs
7:25 Loom
11:12 Feudal Age
11:55 Double-Bit Axe
11:54 Horse Collar
14:45 Castle Age
15:44 Bow Saw
21:14 Wheelbarrow
22:37 Hand Cart
22:29 Gold Mining
22:30 Stone Mining
24:03 Heavy Plow
25:27 Stone Shaft Mining
28:23 Imperial Age
26:26 Forging
27:21 Bloodlines
27:12 Husbandry
27:49 Iron Casting
27:57 Scale Barding Armor
28:15 Ballistics
28:33 Elite Jarl
30:39 Blast Furnace
30:10 Conscription
33:28 Chain Barding Armor
35:04 Plate Barding Armor
39:05 Fletching
38:45 Light Cavalry
noloomregret
5:41 Loom
12:06 Feudal Age
12:32 Double-Bit Axe
15:50 Castle Age
16:58 Bow Saw
20:23 Stone Mining
21:44 Wheelbarrow
22:09 Gold Mining
22:19 Horse Collar
23:14 Hand Cart
23:20 Hand Cart
22:52 Town Watch
24:04 Heavy Plow
24:51 Gold Shaft Mining
30:22 Imperial Age
28:01 Scale Barding Armor
28:08 Forging
27:59 Scale Mail Armor
29:37 Caravan
30:28 Chain Barding Armor
30:44 Iron Casting
30:00 Fletching
30:34 Ballistics
30:14 Murder Holes
32:09 Chemistry
31:47 Plate Barding Armor
31:40 Husbandry
31:51 Bloodlines
33:03 Tusk Swords
33:27 Conscription
34:12 Blast Furnace
34:04 Crop Rotation
34:31 Pikeman
34:56 Elite Battle Elephant
36:19 Bodkin Arrow
36:10 Halberdier
38:16 Bracer
Lord Snow
10:08 Feudal Age
14:03 Castle Age
12:07 Double-Bit Axe
13:45 Horse Collar
14:14 Stone Mining
15:57 Bow Saw
20:37 Heavy Plow
23:10 Wheelbarrow
24:17 Gold Mining
24:25 Loom
25:16 Hand Cart
28:25 Imperial Age
26:32 Fletching
26:48 Scale Barding Armor
26:55 Forging
28:07 Bodkin Arrow
28:53 Elite Elephant Archer
30:09 Conscription
30:58 Chemistry
30:26 Ballistics
31:37 Two-Man Saw
31:24 Bracer
31:51 Padded Archer Armor
33:53 Town Watch
34:53 Leather Archer Armor
VIT | Hera
10:20 Feudal Age
11:06 Double-Bit Axe
11:01 Horse Collar
14:02 Castle Age
15:02 Bow Saw
15:20 Heavy Plow
20:09 Wheelbarrow
21:08 Hand Cart
22:11 Stone Mining
22:20 Gold Mining
24:22 Fletching
24:40 Town Watch
27:29 Imperial Age
25:09 Bodkin Arrow
25:27 Loom
26:08 Ballistics
26:12 Town Patrol
26:15 Padded Archer Armor
28:09 Caravan
28:20 Bracer
29:23 Chemistry
30:24 Yeomen
30:25 Leather Archer Armor
30:16 Siege Engineers
31:04 Elite Longbowman
33:10 Warwolf
35:12 Masonry
35:43 Hoardings
37:38 Ring Archer Armor
Connection lost

Rejoining the realm…

Still unreachable

The connection could not be restored.

Session expired

The server has moved on; the page needs a fresh start.